[Event "Titled Tuesday Blitz July 25 Late 2023"]
[White "Hamedi Nia, Vesal"]
[Black "Bartel, Mateusz"]
[WhiteFideId "12542253"]
[BlackFideId "1112635"]
[WhiteElo "2443"]
[BlackElo "2850"]
[Result "0-1"]
[Round "1"]
[TimeControl "180+2"]
[Date "2023.07.25"]
[WhiteClock "0:00:00"]
[BlackClock "0:00:17"]
[Board "49"]

1. d4 Nf6 2. c4 e6 3. Nf3 Bb4+ 4. Nbd2 O-O 5. a3 Be7 6. e4 d6 7. Bd3 e5 8. O-O exd4 9. Nxd4 Nc6 10. Nf5 Bxf5 11. exf5 d5 12. cxd5 Qxd5 13. Bc2 Nd4 14. Re1 Nxc2 15. Qxc2 Bd6 16. Nc4 Rfe8 17. Bg5 Ne4 18. Nxd6 cxd6 19. Bh4 Qxf5 20. f3 Qc5+ 21. Qxc5 Nxc5 22. Rad1 Rxe1+ 23. Bxe1 Rd8 24. Bg3 d5 25. Bf2 b6 26. b4 Ne6 27. g3 Kf8 28. f4 g6 29. Kg2 Ke7 30. Kf3 h5 31. Ke2 Kd6 32. Kd3 Rc8 33. Re1 Rc4 34. Be3 Rc8 35. Bd2 b5 36. Bc3 a6 37. Be5+ Kd7 38. Bf6 Rc4 39. Re5 Kd6 40. Re2 Kc6 41. Be5 a5 42. Rb2 a4 43. Re2 Kd7 44. Bf6 Kd6 45. Be5+ Kc6 0-1


[Site "https://www.chess.com"]

[Event "Titled Tuesday Blitz July 25 Late 2023"]
[White "Miladinovic, Igor"]
[Black "WindWhistler11"]
[WhiteFideId "4203380"]
[WhiteElo "2843"]
[BlackElo "2442"]
[Result "1/2-1/2"]
[Round "1"]
[TimeControl "180+2"]
[Date "2023.07.25"]
[WhiteClock "0:00:20"]
[BlackClock "0:00:18"]
[Board "50"]

1. d4 Nf6 2. Bg5 Ne4 3. h4 c5 4. dxc5 Qa5+ 5. Nd2 Nxg5 6. hxg5 Qxc5 7. g6 fxg6 8. e3 d6 9. Bd3 Bf5 10. Nb3 Qe5 11. Nf3 Qxb2 12. Bxf5 gxf5 13. Qd5 Qc3+ 14. Kf1 Nc6 15. Ng5 Nd8 16. Qxf5 g6 17. Qf3 Qf6 18. Qg3 Bg7 19. Rxh7 Rxh7 20. Nxh7 Qf5 21. Re1 Ne6 22. e4 Qh5 23. Qh3 Qxh3 24. gxh3 Kf7 25. h4 Rh8 26. Ng5+ Nxg5 27. hxg5 Rh5 28. Ke2 Rxg5 29. a4 Rg4 30. Kf3 Rh4 31. Kg3 g5 32. Rd1 Be5+ 33. Kf3 Rh3+ 34. Ke2 Rc3 35. Kd2 Rc4 36. a5 Rxe4 37. f3 Rc4 38. Rh1 Kg6 39. Rf1 Rc3 40. Nc1 Rc5 41. Nb3 Bf4+ 42. Kd3 Rd5+ 43. Kc4 Re5 44. Rb1 Re3 45. Nd4 Be5 46. Rxb7 Bxd4 47. Kxd4 Rxf3 48. Rxe7 g4 49. Rxa7 g3 50. Ra8 Kg7 51. Ra7+ Kg6 52. Ra8 Kg7 53. Ra7+ Kg6 1/2-1/2


[Site "https://www.chess.com"]

[Event "Titled Tuesday Blitz July 25 Late 2023"]
[White "Moore, Nicholas"]
[Black "Hansen, Eric"]
[WhiteFideId "4303709"]
[BlackFideId "2606771"]
[WhiteElo "2440"]
[BlackElo "2838"]
[Result "0-1"]
[Round "1"]
[TimeControl "180+2"]
[Date "2023.07.25"]
[WhiteClock "0:00:17"]
[BlackClock "0:02:15"]
[Board "51"]

1. c4 c6 2. g3 Nf6 3. Nf3 d5 4. Bg2 e6 5. b3 Bd6 6. Bb2 Nbd7 7. O-O e5 8. cxd5 cxd5 9. Nc3 a6 10. d3 O-O 11. e4 d4 12. Nb1 b5 13. Nbd2 Nc5 14. Qe2 a5 15. Nh4 a4 16. b4 a3 17. Bxd4 Na4 18. Be3 Nc3 19. Qf3 Bg4 0-1


[Site "https://www.chess.com"]

[Event "Titled Tuesday Blitz July 25 Late 2023"]
[White "Ashraf, Artin"]
[Black "Ladan, Nicholas"]
[WhiteFideId "22514805"]
[BlackFideId "30918855"]
[WhiteElo "2827"]
[BlackElo "2440"]
[Result "1-0"]
[Round "1"]
[TimeControl "180+2"]
[Date "2023.07.25"]
[WhiteClock "0:00:04"]
[BlackClock "0:00:00"]
[Board "52"]

1. e4 e5 2. Nf3 Nc6 3. Bb5 a6 4. Ba4 g6 5. c3 d6 6. d4 exd4 7. cxd4 b5 8. Bc2 Bg7 9. O-O Bg4 10. d5 Nd4 11. Nbd2 Qf6 12. h3 Bxf3 13. Nxf3 Nxf3+ 14. Qxf3 Qxf3 15. gxf3 Ne7 16. Bd3 c5 17. dxc6 Nxc6 18. a4 Nb4 19. Be2 Nc2 20. Ra2 Nd4 21. Bd1 Kd7 22. Be3 Rhc8 23. b3 Ne6 24. Be2 b4 25. Rd2 Bc3 26. Rdd1 Nc5 27. Bc4 Ke7 28. Rd5 Nxa4 29. Bf4 Rc6 30. Rfd1 Nb2 31. Rxd6 Rxd6 32. Bxd6+ Ke8 33. Bd5 Nxd1 34. Bxa8 Nb2 35. Bc6+ Kd8 36. f4 Nd3 37. Kg2 Nc1 38. Bd5 a5 39. e5 a4 40. bxa4 b3 41. Be4 b2 42. Ba3 Nb3 43. Bxb2 Bxb2 44. Bd5 Na5 45. Bxf7 Ke7 46. Bg8 h6 47. h4 g5 48. hxg5 hxg5 49. fxg5 Bxe5 50. Kf3 Kf8 51. Bd5 Kg7 52. Kg4 Bd4 53. f4 Bc3 54. Kf5 Bd2 55. Kg4 Kg6 56. f5+ Kg7 57. f6+ Kf8 58. g6 Bh6 59. Kf5 Ke8 60. g7 1-0


[Site "https://www.chess.com"]

[Event "Titled Tuesday Blitz July 25 Late 2023"]
[White "SergioMoralesG"]
[Black "Donchenko, Alexander"]
[BlackFideId "24603295"]
[WhiteElo "2440"]
[BlackElo "2820"]
[Result "0-1"]
[Round "1"]
[TimeControl "180+2"]
[Date "2023.07.25"]
[WhiteClock "0:00:00"]
[BlackClock "0:01:10"]
[Board "53"]

1. d4 Nf6 2. c4 e6 3. Nf3 b6 4. g3 Ba6 5. Qc2 c5 6. Bg2 Bb7 7. dxc5 Bxc5 8. O-O O-O 9. Nc3 Nc6 10. a3 Qe7 11. b4 Bd6 12. Nb5 Bb8 13. Bb2 Rc8 14. Ng5 h6 15. Bxf6 Qxf6 16. Qh7+ Kf8 17. Ne4 Qe5 18. f4 Qb2 19. Rab1 Qxe2 20. Qh8+ Ke7 21. Qxg7 Qxc4 22. Qf6+ Kf8 23. Qh8+ Ke7 24. Qf6+ Kf8 25. Ned6 Bxd6 26. Nxd6 Qd4+ 27. Qxd4 Nxd4 28. Bxb7 Rcb8 29. Bxa8 Rxa8 30. Rfd1 Ne2+ 31. Kf2 Nc3 32. Rbc1 Nxd1+ 33. Rxd1 Ke7 34. Ke3 h5 35. Ne4 d5 36. Nc3 h4 37. Kd4 hxg3 38. hxg3 Rg8 39. Rd3 Rc8 40. Re3 Kd7 41. Re1 Rg8 42. Ne2 Rc8 43. Rc1 Rh8 44. g4 Rh3 45. Rc3 Rh2 46. Re3 Rg2 47. g5 Rf2 48. Ng3 Rxf4+ 49. Kd3 Rg4 50. Ne2 Rxg5 51. Rf3 f5 52. Nd4 e5 0-1


[Site "https://www.chess.com"]

[Event "Titled Tuesday Blitz July 25 Late 2023"]
[White "Kushko, Dmitriy"]
[Black "Serban, Cristian-Stefan"]
[WhiteFideId "14162261"]
[BlackFideId "1241443"]
[WhiteElo "2819"]
[BlackElo "2440"]
[Result "1-0"]
[Round "1"]
[TimeControl "180+2"]
[Date "2023.07.25"]
[WhiteClock "0:00:17"]
[BlackClock "0:00:43"]
[Board "54"]

1. e4 g6 2. d4 Bg7 3. Nc3 c6 4. Nf3 d5 5. h3 dxe4 6. Nxe4 Nf6 7. Bd3 O-O 8. O-O Nxe4 9. Bxe4 Nd7 10. c3 e5 11. Bg5 f6 12. Bh4 g5 13. Bg3 f5 14. Bc2 f4 15. Bh2 exd4 16. Nxd4 Ne5 17. Qh5 h6 18. Rfe1 Qe8 19. Qe2 Bd7 20. Qe4 Qh5 21. Qh7+ Kf7 22. Rxe5 Rh8 23. Bb3+ Kf8 24. Rf5+ Bxf5 25. Qxf5+ Ke7 26. Re1+ Kd6 27. Re6+ Kc7 28. Re7+ Kb6 29. Rxg7 Rhe8 30. Ne6 Rad8 31. Qc5+ 1-0


[Site "https://www.chess.com"]

[Event "Titled Tuesday Blitz July 25 Late 2023"]
[White "Balla, Tamas-Kristof"]
[Black "Grigorov, Grigor"]
[WhiteFideId "1208497"]
[BlackFideId "2907313"]
[WhiteElo "2437"]
[BlackElo "2818"]
[Result "1-0"]
[Round "1"]
[TimeControl "180+2"]
[Date "2023.07.25"]
[WhiteClock "0:00:09"]
[BlackClock "0:00:00"]
[Board "55"]

1. e4 c6 2. d4 d5 3. exd5 cxd5 4. c4 Nf6 5. Nc3 Nc6 6. Bg5 dxc4 7. d5 Ne5 8. Qd4 h6 9. Bf4 Ng6 10. Bg3 e5 11. Qxc4 Bd6 12. Bd3 Nf4 13. Bxf4 exf4 14. Nf3 O-O 15. O-O Bg4 16. Nd4 a6 17. h3 Bd7 18. Rad1 g6 19. Qb3 Qb8 20. Rfe1 Qa7 21. Bb1 Rfe8 22. Rxe8+ Rxe8 23. Qc2 Bc5 24. Nf3 Bd6 25. a3 Kg7 26. b4 Rc8 27. Qd3 Re8 28. Nd4 Qb8 29. Kh1 Qc7 30. Bc2 Rc8 31. Nce2 Be5 32. Bb3 Qd6 33. Nf3 Bf5 34. Qd2 Ne4 35. Qe1 Bf6 36. Ned4 Re8 37. Nxf5+ gxf5 38. Qf1 1-0


[Site "https://www.chess.com"]

[Event "Titled Tuesday Blitz July 25 Late 2023"]
[White "Hamidi, Amir Mohammad"]
[Black "Omariev, Maksim"]
[WhiteFideId "12563285"]
[BlackFideId "4193423"]
[WhiteElo "2810"]
[BlackElo "2435"]
[Result "0-1"]
[Round "1"]
[TimeControl "180+2"]
[Date "2023.07.25"]
[WhiteClock "0:01:31"]
[BlackClock "0:01:45"]
[Board "56"]

1. e4 c5 2. Nc3 d6 3. d4 cxd4 4. Qxd4 a6 5. b3 Nc6 6. Qd2 Nf6 7. Bb2 g6 8. O-O-O Bg7 9. f3 b5 10. Kb1 O-O 11. h4 b4 12. Nd5 Nxd5 13. exd5 Ne5 14. h5 a5 15. Be2 a4 16. f4 axb3 17. axb3 Qa5 18. h6 Qa2+ 19. Kc1 Qxb2+ 20. Kxb2 Nd3+ 21. Kb1 Ra1# 0-1


[Site "https://www.chess.com"]

[Event "Titled Tuesday Blitz July 25 Late 2023"]
[White "Silva Lucena, Cristian"]
[Black "Talibov, Shiroghlan"]
[WhiteFideId "2232588"]
[BlackFideId "13429078"]
[WhiteElo "2432"]
[BlackElo "2806"]
[Result "0-1"]
[Round "1"]
[TimeControl "180+2"]
[Date "2023.07.25"]
[WhiteClock "0:00:14"]
[BlackClock "0:01:04"]
[Board "57"]

1. e4 c5 2. Nf3 d6 3. d4 cxd4 4. Nxd4 Nf6 5. Nc3 a6 6. Bg5 e6 7. f4 Qb6 8. Qd2 Qxb2 9. Rb1 Qa3 10. f5 Be7 11. fxe6 Bxe6 12. Nxe6 fxe6 13. Rxb7 Nbd7 14. Bc4 Nc5 15. Rc7 Qb4 16. Bb3 Ncxe4 17. Rxe7+ Kf8 18. Nxe4 Qxe4+ 19. Kd1 Qg4+ 20. Kc1 Kxe7 21. Re1 e5 22. Kb1 Rab8 23. h4 h6 24. Bxf6+ gxf6 25. Qd5 Qg8 26. Qc6 Qc8 27. Qd5 Rf8 28. Qe4 f5 29. Qe3 f4 30. Qd3 Qf5 31. Qxa6 Rfc8 32. Qa7+ Kf6 33. Rd1 Rxb3+ 34. axb3 Qxc2+ 35. Ka1 Qxd1+ 36. Ka2 Rc2+ 37. Ka3 Qa1+ 38. Kb4 Qxa7 0-1


[Site "https://www.chess.com"]

[Event "Titled Tuesday Blitz July 25 Late 2023"]
[White "Khanin, Semen"]
[Black "Baches Garcia, Guillermo"]
[WhiteFideId "4111990"]
[BlackFideId "2209764"]
[WhiteElo "2804"]
[BlackElo "2432"]
[Result "1-0"]
[Round "1"]
[TimeControl "180+2"]
[Date "2023.07.25"]
[WhiteClock "0:00:08"]
[BlackClock "0:00:00"]
[Board "58"]

1. e4 c5 2. Nf3 d6 3. d4 cxd4 4. Nxd4 Nf6 5. Nc3 Nc6 6. Bg5 e6 7. Qd2 h6 8. Bxf6 gxf6 9. O-O-O a6 10. f4 Bd7 11. Kb1 Qb6 12. Nxc6 Qxc6 13. f5 O-O-O 14. g3 Be7 15. Bh3 Kb8 16. Rhf1 Rc8 17. Bg2 Qc5 18. Ne2 Bb5 19. Bh3 Bxe2 20. Qxe2 Qe5 21. fxe6 fxe6 22. Qg4 Rc4 23. Qxe6 Rxe4 24. Qb3 Qb5 25. Qxb5 axb5 26. Rfe1 Re5 27. Bf1 h5 28. Bxb5 h4 29. g4 h3 30. Bd3 d5 31. Rf1 Rg8 32. Rf3 Rxg4 33. Rxh3 f5 34. a3 f4 35. Rf1 Re3 36. Rh8+ Kc7 37. h3 Rh4 38. Rxh4 Bxh4 39. Rxf4 Rxh3 40. Rf7+ Kb6 41. Ka2 Rh2 42. Rf5 d4 43. Rd5 Bf2 44. a4 Rg2 45. Rb5+ Ka7 46. Rxb7+ Kxb7 47. Be4+ Kb6 48. Bxg2 Ka5 49. Ka3 Be1 50. Kb3 Bd2 51. Bc6 Be1 52. Kc4 Bf2 53. b4+ Kb6 54. Be4 Ka7 55. Kb5 Be1 56. a5 Bc3 57. Ka4 d3 58. Bxd3 Bxb4 59. Kxb4 1-0


[Site "https://www.chess.com"]

[Event "Titled Tuesday Blitz July 25 Late 2023"]
[White "Pasti, Aron"]
[Black "Leitao, Rafael"]
[WhiteFideId "785857"]
[BlackFideId "2101246"]
[WhiteElo "2430"]
[BlackElo "2793"]
[Result "0-1"]
[Round "1"]
[TimeControl "180+2"]
[Date "2023.07.25"]
[WhiteClock "0:00:37"]
[BlackClock "0:00:56"]
[Board "59"]

1. e4 e5 2. Nf3 Nc6 3. Bc4 Nf6 4. Ng5 d5 5. exd5 Na5 6. Bb5+ c6 7. dxc6 bxc6 8. Be2 h6 9. Nf3 e4 10. Ng1 Bd6 11. d3 O-O 12. Nc3 exd3 13. Bxd3 c5 14. Nf3 Bb7 15. Be3 Re8 16. Qd2 Qb6 17. Bb5 Red8 18. Qe2 a6 19. O-O-O axb5 20. Nxb5 Ba6 21. a4 Nc6 22. Kb1 Qa5 23. c3 Qxa4 0-1


[Site "https://www.chess.com"]

[Event "Titled Tuesday Blitz July 25 Late 2023"]
[White "Fiorito, Joaquin"]
[Black "Olsson, William"]
[WhiteFideId "180173"]
[BlackFideId "1741721"]
[WhiteElo "2793"]
[BlackElo "2430"]
[Result "1-0"]
[Round "1"]
[TimeControl "180+2"]
[Date "2023.07.25"]
[WhiteClock "0:01:56"]
[BlackClock "0:00:08"]
[Board "60"]

1. d4 d5 2. c4 c6 3. Nf3 Nf6 4. g3 dxc4 5. Bg2 b5 6. O-O Bb7 7. Ne5 e6 8. a4 a6 9. b3 cxb3 10. Qxb3 Qc8 11. Ba3 Nbd7 12. Bxf8 Kxf8 13. Rc1 Nxe5 14. dxe5 Nd5 15. Nc3 Nxc3 16. Qxc3 g6 17. h4 Kg7 18. h5 Qd8 19. Qe3 h6 20. hxg6 fxg6 21. Rd1 Qe7 22. Rd6 Rhd8 23. Rad1 Rxd6 24. exd6 Qd7 25. Qe5+ Kh7 26. Bh3 Re8 27. Bxe6 Rxe6 28. Qxe6 Qxe6 29. d7 c5 30. d8=Q Qe4 31. Rd7+ 1-0


[Site "https://www.chess.com"]

[Event "Titled Tuesday Blitz July 25 Late 2023"]
[White "Sztokbant, Bernardo Vainzoff"]
[Black "Troff, Kayden"]
[WhiteFideId "2115956"]
[BlackFideId "2047896"]
[WhiteElo "2429"]
[BlackElo "2792"]
[Result "0-1"]
[Round "1"]
[TimeControl "180+2"]
[Date "2023.07.25"]
[WhiteClock "0:00:00"]
[BlackClock "0:00:10"]
[Board "61"]

1. e4 c5 2. Nf3 g6 3. c3 Bg7 4. d4 cxd4 5. cxd4 d5 6. exd5 Nf6 7. Nc3 O-O 8. Bc4 Nbd7 9. Bb3 Nb6 10. O-O Nfxd5 11. h3 Be6 12. Re1 Nxc3 13. bxc3 Bd5 14. Bg5 Bf6 15. Bxf6 exf6 16. Nd2 Rc8 17. Re3 Qd7 18. Qe2 Bxb3 19. axb3 Nd5 20. Rf3 Nxc3 21. Qd3 Qxd4 22. Qxd4 Ne2+ 23. Kh2 Nxd4 24. Rxf6 Rc6 25. Rf4 Nb5 26. Nc4 Re8 27. Rd1 Re7 28. h4 h5 29. Rd5 a6 30. g4 hxg4 31. h5 gxh5 32. Rxh5 Rg6 33. Ne5 Rxe5 34. Rxe5 Nd6 35. Kg3 Kf8 36. Rxg4 Rh6 37. Rf4 Rh1 38. Rd5 Ke7 39. Rf3 Rh6 40. Re3+ Kf8 41. Kf3 Rf6+ 42. Ke2 Nb5 43. Rd7 b6 44. Rb7 a5 45. Rb8+ Kg7 46. Rg3+ Kh7 47. Rd8 Nd6 48. Kf1 Ne4 49. Rg2 Rf5 50. Rd4 Nf6 51. Rh4+ Nh5 52. Rgg4 Kh6 53. Rg8 f6 54. Rh8+ Kg6 55. Rb8 b5 56. Rg4+ Kf7 57. Rb7+ Ke6 58. Re4+ Kd5 59. Rh4 Kc5 60. Ra7 Kb6 61. Ra8 Nf4 62. Rhh8 Kc5 63. Rxa5 Kb4 0-1


[Site "https://www.chess.com"]

[Event "Titled Tuesday Blitz July 25 Late 2023"]
[White "Stoyanov, Tsvetan"]
[Black "Pniaczek, Marek"]
[WhiteFideId "2917173"]
[BlackFideId "21800421"]
[WhiteElo "2789"]
[BlackElo "2429"]
[Result "0-1"]
[Round "1"]
[TimeControl "180+2"]
[Date "2023.07.25"]
[WhiteClock "0:00:00"]
[BlackClock "0:00:41"]
[Board "62"]

1. e4 e5 2. Nf3 Nc6 3. Nc3 Nf6 4. d4 exd4 5. Nxd4 Bb4 6. Nxc6 bxc6 7. Bd3 d5 8. exd5 O-O 9. O-O cxd5 10. h3 c6 11. Qf3 Be6 12. Bg5 Be7 13. b3 h6 14. Bh4 Re8 15. Rad1 Qc7 16. Ne2 Nd7 17. Bxe7 Rxe7 18. Qg3 Ne5 19. Nd4 Nxd3 20. Rxd3 Qxg3 21. Rxg3 c5 22. Nc6 Rc7 23. Ne5 Re8 24. c3 Bxh3 25. Nxf7 Rxf7 26. Rxh3 Re2 27. Rd3 Rf5 28. a4 Rb2 29. c4 dxc4 30. bxc4 Rf4 31. Rd8+ Kh7 32. Rd7 a5 33. Ra7 Rxc4 34. Rxa5 Ra2 35. Ra7 Rcxa4 36. Rc7 Rc4 37. Rd1 Rcc2 38. Rdd7 Rxf2 39. Rxg7+ Kh8 40. Rg6 c4 41. Rxh6+ Kg8 0-1


[Site "https://www.chess.com"]

[Event "Titled Tuesday Blitz July 25 Late 2023"]
[White "Mickiewicz, Piotr"]
[Black "Hambleton, Aman"]
[WhiteFideId "1114891"]
[BlackFideId "2606577"]
[WhiteElo "2426"]
[BlackElo "2787"]
[Result "0-1"]
[Round "1"]
[TimeControl "180+2"]
[Date "2023.07.25"]
[WhiteClock "0:00:00"]
[BlackClock "0:00:01"]
[Board "63"]

1. e4 c5 2. Nf3 e6 3. d4 cxd4 4. Nxd4 Nc6 5. Nb5 d6 6. c4 Nf6 7. N1c3 a6 8. Na3 Qc7 9. Be2 b6 10. O-O Bb7 11. f3 Be7 12. Be3 O-O 13. Rc1 Ne5 14. Qd2 Rac8 15. Rfd1 Rfd8 16. Bf1 Ned7 17. Nc2 Qb8 18. Nd4 h5 19. b3 h4 20. Qf2 Re8 21. Kh1 Ba8 22. Bg5 Ng4 23. Qxh4 Bxg5 24. Qxg5 Nf2+ 25. Kg1 Nxd1 26. Rxd1 Qc7 27. Nde2 Nf6 28. Qg3 Red8 29. Qh4 b5 30. cxb5 axb5 31. b4 d5 32. Kh1 dxe4 33. Rxd8+ Qxd8 34. fxe4 Nxe4 35. Qe1 Nxc3 36. Nxc3 Bc6 37. Nxb5 Bxb5 38. Bxb5 Qd5 39. a4 Qd4 40. h3 Rc3 41. Qe2 Rc1+ 42. Kh2 Qf4+ 43. g3 Qd4 44. Qg2 g6 45. Bc6 Rb1 0-1


[Site "https://www.chess.com"]

[Event "Titled Tuesday Blitz July 25 Late 2023"]
[White "Riehle, Marco"]
[Black "Gatterer, Florian"]
[WhiteFideId "12904392"]
[BlackFideId "811688"]
[WhiteElo "2786"]
[BlackElo "2426"]
[Result "1-0"]
[Round "1"]
[TimeControl "180+2"]
[Date "2023.07.25"]
[WhiteClock "0:01:35"]
[BlackClock "0:00:28"]
[Board "64"]

1. e4 c5 2. a3 g6 3. h4 h5 4. Nc3 Bg7 5. Bc4 e6 6. d3 Nc6 7. Bg5 Bf6 8. Qd2 a6 9. Nge2 b5 10. Bb3 Bb7 11. O-O-O Nd4 12. Nxd4 cxd4 13. Ne2 Bxg5 14. hxg5 d5 15. e5 a5 16. Nxd4 Qb6 17. Qf4 a4 18. Ba2 b4 19. axb4 Qxb4 20. Nxe6 Qb6 21. Ng7+ Kf8 22. e6 f5 23. gxf6 a3 24. b3 Qd4 25. Qd6+ Ne7 26. Qxe7+ Kg8 27. Qf7+ 1-0


[Site "https://www.chess.com"]

[Event "Titled Tuesday Blitz July 25 Late 2023"]
[White "Goncalves, Davi Sulzbacher"]
[Black "Tsaruk, Maksim"]
[WhiteFideId "2154510"]
[BlackFideId "13511173"]
[WhiteElo "2423"]
[BlackElo "2786"]
[Result "1-0"]
[Round "1"]
[TimeControl "180+2"]
[Date "2023.07.25"]
[WhiteClock "0:00:04"]
[BlackClock "0:00:03"]
[Board "65"]

1. e4 e5 2. Nf3 Nc6 3. Bb5 a6 4. Ba4 Nf6 5. O-O b5 6. Bb3 Be7 7. Re1 O-O 8. a4 b4 9. d3 d6 10. a5 Be6 11. Nbd2 h6 12. c3 Rb8 13. Bc4 Qc8 14. d4 bxc3 15. bxc3 exd4 16. cxd4 Bxc4 17. Nxc4 d5 18. exd5 Nxd5 19. Nce5 Ncb4 20. Ba3 Rb5 21. h3 Rxa5 22. Qd2 Qf5 23. Nc4 Ra4 24. Nb2 Ra5 25. Rxe7 Nxe7 26. Qxb4 Re8 27. Nc4 Nc6 28. Qc3 Ra4 29. Ne3 Qa5 30. Qxc6 Rb8 31. Qc5 Qxc5 32. dxc5 Rb3 33. Rd1 Raxa3 34. Rd8+ Kh7 35. Ne5 Rb1+ 36. Kh2 f6 37. Nf7 Rc3 38. h4 Kg6 39. Nh8+ Kh5 40. g4+ Kxh4 41. Ng6+ Kg5 42. Ne7 Rxc5 43. Rd4 h5 44. f4+ Kh4 45. Ng6# 1-0


[Site "https://www.chess.com"]

[Event "Titled Tuesday Blitz July 25 Late 2023"]
[White "Bauman_Guy"]
[Black "Lima, Kleyton Alcantara"]
[BlackFideId "22718397"]
[WhiteElo "2785"]
[BlackElo "2422"]
[Result "1-0"]
[Round "1"]
[TimeControl "180+2"]
[Date "2023.07.25"]
[WhiteClock "0:02:21"]
[BlackClock "0:01:13"]
[Board "66"]

1. e4 c5 2. Nf3 d6 3. d4 cxd4 4. Nxd4 Nf6 5. Nc3 a6 6. h3 e5 7. Nde2 h5 8. Bg5 Be6 9. Nc1 Nbd7 10. Be2 Rc8 11. O-O Be7 12. Nb3 g6 13. Kh1 O-O 14. Qe1 b5 15. a3 Nb6 16. f4 exf4 17. Bxf4 Bc4 18. Nd4 Bxe2 19. Qxe2 Nc4 20. b3 Nb6 21. Rf3 Nbd7 22. Rd1 Ne5 23. Bxe5 dxe5 24. Ne6 Qa5 25. Nxf8 Bxf8 26. Nxb5 axb5 27. Rxf6 Qxa3 28. Rdf1 Rc7 29. Qxb5 Re7 30. Qd5 1-0


[Site "https://www.chess.com"]

[Event "Titled Tuesday Blitz July 25 Late 2023"]
[White "The_Straightforward_Rook"]
[Black "Pakleza, Zbigniew"]
[BlackFideId "1119290"]
[WhiteElo "2422"]
[BlackElo "2783"]
[Result "0-1"]
[Round "1"]
[TimeControl "180+2"]
[Date "2023.07.25"]
[WhiteClock "0:02:10"]
[BlackClock "0:00:57"]
[Board "67"]

1. d4 d6 2. c4 e5 3. Nc3 exd4 4. Qxd4 Nc6 5. Qd2 Nf6 6. b3 a5 7. Bb2 a4 8. Rd1 axb3 9. axb3 Be7 10. e3 Bf5 11. Nf3 O-O 12. Bd3 Bxd3 13. Qxd3 Nb4 14. Qb1 c6 15. O-O Qc7 16. h3 Rfe8 17. Ng5 h6 18. Nge4 Nxe4 19. Nxe4 d5 20. cxd5 Nxd5 21. Ng3 Bf6 22. Rxd5 Bxb2 23. Rd3 Be5 24. Nf5 Ra1 25. Qc2 Bh2+ 26. Kh1 Rxf1# 0-1


[Site "https://www.chess.com"]

[Event "Titled Tuesday Blitz July 25 Late 2023"]
[White "Oro, Faustino"]
[Black "Eggleston, Thomas A"]
[WhiteFideId "20000197"]
[BlackFideId "412139"]
[WhiteElo "2782"]
[BlackElo "2421"]
[Result "1-0"]
[Round "1"]
[TimeControl "180+2"]
[Date "2023.07.25"]
[WhiteClock "0:00:22"]
[BlackClock "0:00:00"]
[Board "68"]

1. Nf3 e6 2. g3 f5 3. Bg2 Nf6 4. O-O Be7 5. d4 O-O 6. c4 d6 7. Nc3 Ne4 8. Qc2 Nxc3 9. Qxc3 a5 10. Qc2 Nc6 11. Rd1 Qe8 12. d5 Nb4 13. Qb1 e5 14. a3 Na6 15. b4 f4 16. Bb2 Bf5 17. Qc1 fxg3 18. hxg3 axb4 19. axb4 Nxb4 20. c5 Rxa1 21. Qxa1 Be4 22. cxd6 cxd6 23. Qa7 Qc8 24. Rc1 Qa8 25. Qb6 Nxd5 26. Qb3 Kh8 27. Nxe5 Bxg2 28. Kxg2 dxe5 29. Qxd5 Bf6 30. Kg1 Rd8 31. Qe6 Qa5 32. Rc8 h6 33. Rc1 Qa6 34. Qg4 Qb6 35. Bc3 Qd6 36. Qf3 Qd5 37. Qe3 Qd6 38. Rb1 Qd7 39. Qe4 b5 40. Qb4 Qd5 41. Qxb5 Qxb5 42. Rxb5 Rc8 43. Bxe5 Bxe5 44. Rxe5 Kh7 45. Kg2 Kg6 46. Re6+ Kf7 47. Rb6 Rc5 48. Kf3 Ke7 49. e4 Kf7 50. Ke3 Ke7 51. f4 Ra5 52. e5 Ra3+ 53. Kf2 h5 54. Kg2 Kf7 55. Kh3 g6 56. Kh4 1-0


[Site "https://www.chess.com"]

[Event "Titled Tuesday Blitz July 25 Late 2023"]
[White "Labussiere, Yago"]
[Black "Basso, Pier Luigi"]
[WhiteFideId "2186969"]
[BlackFideId "866970"]
[WhiteElo "2421"]
[BlackElo "2782"]
[Result "0-1"]
[Round "1"]
[TimeControl "180+2"]
[Date "2023.07.25"]
[WhiteClock "0:00:02"]
[BlackClock "0:00:31"]
[Board "69"]

1. c4 c6 2. d4 d5 3. cxd5 cxd5 4. Nc3 Nf6 5. Bf4 e6 6. e3 Be7 7. Bd3 Bd7 8. Rc1 Nc6 9. h3 O-O 10. Nf3 Qb6 11. Qe2 Rfc8 12. O-O h6 13. Ne5 Be8 14. g4 Qd8 15. Bh2 Nxe5 16. Bxe5 Nd7 17. Bg3 Nb6 18. f4 Bd6 19. Kg2 a6 20. Qf2 Rc6 21. f5 exf5 22. Qxf5 Bxg3 23. Kxg3 Qg5 24. Qxg5 hxg5 25. Ne2 f6 26. Bf5 Nc4 27. Kf2 Nxb2 28. Rb1 Rb6 29. Rfc1 Bc6 30. Nc3 Kf7 31. Kf3 Rh8 32. Kg3 Re8 33. Kf2 g6 34. Bc2 Nc4 35. Rxb6 Nxb6 36. Bd3 Rh8 37. Kg3 Re8 38. Kf2 Nc8 39. Rb1 Nd6 40. Kf3 f5 41. a4 Kf6 42. Kf2 Rh8 43. Kg3 Re8 44. Kf2 f4 45. exf4 gxf4 46. Kf3 Re3+ 47. Kxf4 Rxd3 0-1


[Site "https://www.chess.com"]

[Event "Titled Tuesday Blitz July 25 Late 2023"]
[White "Mekhitarian, Krikor Sevag"]
[Black "Arnold, Ken"]
[WhiteFideId "2107660"]
[BlackFideId "2056836"]
[WhiteElo "2775"]
[BlackElo "2420"]
[Result "1/2-1/2"]
[Round "1"]
[TimeControl "180+2"]
[Date "2023.07.25"]
[WhiteClock "0:00:06"]
[BlackClock "0:00:07"]
[Board "70"]

1. Nf3 d5 2. c4 e6 3. d4 Nf6 4. cxd5 exd5 5. Nc3 c6 6. Bf4 Bd6 7. Bxd6 Qxd6 8. e3 Bf5 9. Nh4 Be4 10. f3 Bg6 11. e4 dxe4 12. Nxg6 hxg6 13. fxe4 Qf4 14. Qf3 Qxf3 15. gxf3 Nbd7 16. Kf2 O-O-O 17. Rd1 Rh4 18. Bc4 Rf8 19. Ne2 Nb6 20. Bb3 Nh5 21. a4 Nf4 22. Nxf4 Rxf4 23. Kg3 g5 24. h4 Rxh4 25. Rxh4 gxh4+ 26. Kxh4 Rh8+ 27. Kg3 f6 28. f4 Kc7 29. a5 Nd7 30. e5 g5 31. e6 Nf8 32. fxg5 fxg5 33. Rf1 Kd6 34. Rf6 b6 35. a6 c5 36. dxc5+ bxc5 37. Bc4 Nh7 38. Rf7 Nf8 39. e7 Nd7 40. Bb5 Re8 41. Rg7 Rxe7 42. Rg6+ Kc7 43. Rxg5 Ne5 44. Kf4 Nc6 45. Rxc5 Re6 46. Bxc6 Rxc6 47. Ra5 Kb6 48. Ra2 Rc4+ 49. Ke5 Rb4 50. Kd5 Rb5+ 51. Kc4 Ra5 52. Rxa5 Kxa5 53. b4+ Kxa6 54. Kc5 Kb7 55. Kb5 Kb8 56. Ka6 Ka8 57. Kb5 Kb7 58. Ka5 a6 59. b5 axb5 60. Kxb5 1/2-1/2


[Site "https://www.chess.com"]

[Event "Titled Tuesday Blitz July 25 Late 2023"]
[White "Krzywda, Andrzej"]
[Black "Morefield, Jason"]
[WhiteFideId "1114565"]
[BlackFideId "30920825"]
[WhiteElo "2420"]
[BlackElo "2773"]
[Result "0-1"]
[Round "1"]
[TimeControl "180+2"]
[Date "2023.07.25"]
[WhiteClock "0:00:00"]
[BlackClock "0:01:32"]
[Board "71"]

1. e4 d6 2. d4 Nf6 3. Nc3 g6 4. Be3 c6 5. a4 Bg7 6. Qd2 O-O 7. h3 Nbd7 8. Nf3 e5 9. dxe5 dxe5 10. Qd6 Re8 11. Bc4 Bf8 12. Qd2 Bb4 13. Ng5 Re7 14. h4 h6 15. Nxf7 Rxf7 16. O-O-O Qa5 17. Bxh6 Nxe4 18. Qd3 Ndc5 19. Qd8+ Qxd8 20. Rxd8+ Kh7 21. Bxf7 Kxh6 22. Nxe4 Nxe4 23. Rg8 Kh7 24. Rd8 Kg7 25. Bc4 Nd6 0-1


[Site "https://www.chess.com"]